 Dungeon Crawl Stone Soup version 0.14.0-2-gd2dacb9 (webtiles) character file.

225 santino the Shooter (level 4, 0/28 HPs)
             Began as a High Elf Hunter on Apr 11, 2014.
             Slain by rdx's ghost (9 damage)
             ... on Level 3 of the Dungeon.
             The game lasted 00:10:28 (1646 turns).

santino the Shooter (High Elf Hunter)               Turns: 1646, Time: 00:10:28

HP   0/28        AC  4     Str 17      XL: 4   Next: 76%
MP   7/7         EV 12     Int 15      God:
Gold 104         SH  0     Dex 15      Spells:  0 memorised,  3 levels left

rFire  . . .     SeeInvis .     b - +1 bow
rCold  . . .     Clarity  .     d - +0 leather armour
rNeg   . . .     Conserve .     (no shield)
rPois  .         rCorr    .     (no helmet)
rElec  .         rRot     .     v - +0 cloak
SustAb . .       Spirit   .     (no gloves)
rMut   .         Warding  .     (no boots)
Saprov . . .     Stasis   .     (no amulet)
MR     .....                    (no ring)
                                (no ring)

@: mighty, not resistant to hostile enchantments, unstealthy
A: no striking features
a: no special abilities


You were on level 3 of the Dungeon.
You were hungry.

You visited 1 branch of the dungeon, and saw 3 of its levels.

You collected 104 gold pieces.

Inventory:

Hand weapons
 a - a +0,+0 short sword
 b - a +1,+1 bow (weapon)
Missiles
 c - 28 arrows (quivered)
Armour
 d - a +0 leather armour (worn)
 v - a +0 cloak (worn)
Comestibles
 f - 5 bread rations
 g - a meat ration
 p - a choko
 u - a lemon
Scrolls
 h - a scroll of teleportation {unknown}
 i - a scroll of immolation
 j - 4 scrolls of identify {unknown}
 m - a scroll of fear {unknown}
 n - a scroll of amnesia {unknown}
 w - a scroll of enchant weapon I {unknown}
Potions
 e - 2 potions of curing
 k - 2 potions of flight {unknown}
 l - 3 potions of might
 o - a potion of restore abilities {unknown}
 q - a potion of poison {unknown}
 r - a potion of invisibility {unknown}
 s - a potion of paralysis {unknown}
 t - a potion of heal wounds {unknown}


   Skills:
 - Level 1.0 Fighting
 * Level 7.4 Bows
 + Level 3.3 Dodging
 + Level 1.3 Stealth


You had 3 spell levels left.
You didn't know any spells.

Dungeon Overview and Level Annotations

Branches:
Dungeon (3/15)

Altars:

Annotations:
D:3 rdx's ghost, average DsMo


Message History

You are too injured to fight recklessly!
You are too injured to fight recklessly!
Drink which item? (? for menu, Esc to quit)
Okay, then.
Drink which item? (? for menu, Esc to quit)
You feel better.
It was a potion of curing.
Rdx's ghost hits you.
As you read the scroll labeled PRAZATWOEH, it crumbles to dust.
The creatures around you are filled with an inner flame!
It was a scroll of immolation.
Rdx's ghost closely misses you.
Read which item? (? for menu, Esc to quit)
Okay, then.
Unknown command.
Read which item? (? for menu, Esc to quit)
Okay, then.
Drink which item? (? for menu, Esc to quit)
You feel very mighty all of a sudden.
It was a potion of might.
Rdx's ghost hits you but does no damage.
Rdx's ghost hits you!
You die...

#..........#........ .
#........(.#.......#
#..........#.......##
#..........#.........
#..........#..........
.##.....................
........................
#......###(..............
#......# #......@........
#...<.## #.....p.....##..
..... ......(...#### ....
.....(...... ...
....(..).....
..............#
...............
..(......... .(..


You could see rdx's ghost (inner flame).

Vanquished Creatures
  An orc priest (D:3)
  3 adders
  2 giant geckos
  4 orcs (D:3)
  9 bats
  5 hobgoblins
  2 jackals (D:3)
  5 kobolds
  A ball python (D:2)
  2 giant cockroaches (D:2)
  3 giant newts
  11 goblins
  9 rats
57 creatures vanquished.

Notes
Turn   | Place    | Note
--------------------------------------------------------------
     0 | D:1      | santino, the High Elf Hunter, began the quest for the Orb.
     0 | D:1      | Reached XP level 1. HP: 13/13 MP: 2/2
   220 | D:1      | Reached XP level 2. HP: 15/18 MP: 3/3
   325 | D:1      | Reached skill level 6 in Bows
   682 | D:2      | Reached XP level 3. HP: 17/23 MP: 5/5
  1383 | D:3      | Reached XP level 4. HP: 26/28 MP: 7/7
  1488 | D:3      | Reached skill level 7 in Bows
  1635 | D:3      | Noticed rdx's ghost (average DsMo)
  1646 | D:3      | Slain by rdx's ghost

Action                   |  1- 3 |  4- 6 || total
-------------------------+-------+-------++-------
 Fire: Bow               |   104 |    39 ||   143
  Use: Potion            |       |     2 ||     2
       Scroll            |       |     1 ||     1
